 Dungeon Crawl Stone Soup version 0.31-a0-876-gfe8ebadbca (webtiles) character file.

Game seed: 18229917426142191096

100 ICC the Cutter (level 4, -13/23 HPs)
             Began as a Vine Stalker Gladiator on Oct 13, 2023.
             Engulfed by a cloud of flame (19 damage)
             ... on level 3 of the Dungeon.
             The game lasted 00:04:34 (1782 turns).

ICC the Cutter (Vine Stalker Gladiator)             Turns: 1782, Time: 00:04:34

Health: -13/23     AC:  7    Str: 16    XL:     4   Next: 73%
Magic:  0/26       EV: 12    Int:  8    God:
Gold:   197        SH:  0    Dex: 18    Spells: 7/7 levels left

rFire   . . .        w - +0 rapier
rCold   + . .        (no shield)
rNeg    . . .        k - +1 ring mail {rC+}
rPois   .            c - +0 helmet
rElec   .            (no cloak)
rCorr   .            (no gloves)
SInv    .            (no boots)
Will    .....        s - amulet of faith
Stlth   +            h - ring of magical power
HPRegen 1.03/turn    a - ring of magical power
MPRegen 0.20/turn

%: guardian spirit, faith
@: no status effects
A: fangs 2, regeneration 1, magic shield, antimagic bite, no potion heal 2
a: no special abilities


You were on level 3 of the Dungeon.
You visited 1 branch of the dungeon, and saw 3 of its levels.

You collected 197 gold pieces.

Inventory:

Hand Weapons
 q - a +2 arbalest of flaming
 w - a +0 rapier (weapon)
Missiles
 d - 3 throwing nets (quivered)
 e - a javelin
Armour
 c - a +0 helmet (worn)
 k - a +1 ring mail of cold resistance (worn)
Jewellery
 a - a ring of magical power (right hand)
 h - a ring of magical power (left hand)
 s - an amulet of faith (around neck)
Wands
 t - a wand of mindburst (10)
Scrolls
 i - 9 scrolls of identify {unknown}
 l - 3 scrolls of torment {unknown}
 m - a scroll of blinking {unknown}
 n - a scroll of enchant armour {unknown}
 o - a scroll of amnesia {unknown}
 r - a scroll of noise {unknown}
Potions
 b - 2 potions of haste {unknown}
 f - a potion of berserk rage {unknown}
 g - a potion of degeneration {unknown}
 j - a potion of might {unknown}
 p - a potion of cancellation {unknown}
 u - a potion of magic {unknown}


   Skills:
 - Level 2.0 Fighting
 + Level 3.6 Short Blades
 - Level 2.0 Throwing
 - Level 3.0 Dodging
 + Level 2.1 Spellcasting


You had 7 spell levels left.
You didn't know any spells.
Your spell library contained the following spells:

 Spells                   Type           Power      Damage    Failure   Level
 Sandblast                Erth           0%         2d4       56%         1
 Passwall                 Tmut/Erth      0%         N/A       71%         2
 Poisonous Vapours        Pois/Air       0%         N/A       71%         2
 Mephitic Cloud           Conj/Pois/Air  0%         N/A       90%         3
 Stone Arrow              Conj/Erth      0%         3d7       90%         3
 Tukima's Dance           Hex            0%         N/A       90%         3
 Brom's Barrelling Bould  Conj/Erth      0%         2d3       100%        4
 Passage of Golubria      Tloc           0%         N/A       100%        4
 Freezing Cloud           Conj/Ice/Air   0%         6-21      100%        5
 Yara's Violent Unravell  Hex/Tmut       0%         3d3       100%        5


Dungeon Overview and Level Annotations

Branches:
Dungeon (3/15) Zot: 16212

Altars:
Qazlal


Innate Abilities, Weirdness & Mutations

You have extremely sharp teeth.
Your natural rate of healing is unusually fast.
When hurt, damage is shared between your health and your magic reserves.
Your bite disrupts and absorbs the magic of your enemies.
Potions cannot restore your health.


Message History

Your +2 arbalest of flaming stops flaming.
w - a +0 rapier (weapon)
i - 9 scrolls labelled ESEELY DOGOENN (gained 1)
a - a ring of magical power You feel your magic capacity increase.
a - a ring of magical power (right hand)
You see here a frilled lizard corpse.
Found 34 gold pieces and a book of Vapours.
Found a murky dark potion and 9 gold pieces.
Found a gold wand and a dented soapstone amulet.
You are engulfed in blazing flames.
You are engulfed in blazing flames.
You see here Great Wizards, Vol.
VII.
You are engulfed in blazing flames.
* * * LOW HITPOINT WARNING * * *
You now have 172 gold pieces (gained 18).
You pick up a book of Vapours and begin reading...
You add the spells Poisonous Vapours, Mephitic Cloud and Freezing Cloud to your library.
You now have 181 gold pieces (gained 9).
s - an amulet of faith
t - a wand of mindburst (10)
u - a murky dark potion You now have 197 gold pieces (gained 16).
You start putting on your amulet.
You continue putting on your amulet of faith. x3
HP restored.
You continue putting on your amulet of faith. x2
You finish putting on your amulet of faith.
You feel a strange surge of divine interest.
s - an amulet of faith (around neck)
You are engulfed in blazing flames.
You are engulfed in blazing flames.
Ouch! That really hurt!
* * * LOW HITPOINT WARNING * * *
You see here Great Wizards, Vol.
VII.
You pick up Great Wizards, Vol.
VII and begin reading...
You add the spells Tukima's Dance, Passage of Golubria and Yara's Violent Unravelling to your library.
You are engulfed in blazing flames.
Ouch! That really hurt!
You die...

#.# #☼§°# #....≈≈≈ #.#
#§§○# #≈ #.#
######...###### # #.#
#.§○○.....○.§.## #####.#
#.§§°.....§§☼... ......#
#.○§§.....☼○○.#. ####..#
######...#####.. #..#
#§§§# # #..#### #°§@#
#.....# #☼○§# #.#####
###...###### #.#
#.##.#.#...#
#.#######.##...#.#.#
#.#.......####†#.#.#
#.........####.#.#.#####.
###.#####.##.............
#.# #......#.########


There were no monsters in sight!

Vanquished Creatures
  4 adders
  4 worms (D:2)
  2 dart slugs
  2 ball pythons (D:1)
  6 endoplasms
  2 giant cockroaches
  5 goblins
  3 hobgoblins
  2 kobolds
  2 quokkas
  6 bats
  3 frilled lizards
  4 rats
45 creatures vanquished.

Vanquished Creatures (others)
  An endoplasm (D:3)
1 creature vanquished.

Grand Total: 46 creatures vanquished

Notes
Turn   | Place    | Note
-------+----------+-------------------------------------------
     0 | D:1      | ICC the Vine Stalker Gladiator began the quest for the Orb.
     0 | D:1      | Reached XP level 1. HP: 11/11 MP: 2/2
    93 | D:1      | Reached XP level 2. HP: 15/15 MP: 3/3
   394 | D:1      | Reached skill level 1 in Spellcasting
   397 | D:1      | Reached XP level 3. HP: 18/18 MP: 5/5
  1187 | D:2      | Reached XP level 4. HP: 23/23 MP: 7/7
  1567 | D:3      | Found a stormy altar of Qazlal.
  1782 | D:3      | Engulfed by a cloud of flame

Illustrated notes

Levels and vault maps discovered:
D:1:      onia_arrival_pyramid, layout_loops_cross, dreamdust_princess_corridor
D:2:      layout_basic, minmay_misc_feat_five, kennysheep_generic_room_8
D:3:      layout_loops_ring, nicolae_qazlal_general_emergency,
          lemuel_flame_loot_1

Skill      XL: |  1  2  3  4 |
---------------+-------------+-----
Fighting       | 2 |  2.0
Throwing       | 2 |  2.0
Short Blades   | 3 |  3.6
Spellcasting   | 1 2 |  2.1
Dodging        | 3 |  3.0

Action                     |  1- 3 |  4- 6 || total
---------------------------+-------+-------++-------
  Melee: Rapier            |   109 |    33 ||   142
         Bite              |    20 |    11 ||    31
   Fire: Arbalest          |       |     2 ||     2
   Stab: Sleeping          |     2 |       ||     2
 Armour: Leather armour    |    25 |       ||    25
         Ring mail         |    38 |    29 ||    67
  Dodge: Dodged            |    68 |    12 ||    80

Table legend: (Time is in decaauts)
 A = Elapsed time spent in this place.
 B = Non-inter-level travel time spent in this place.
 C = Inter-level travel time spent in this place.
 D = Time resting spent in this place.
 E = Time spent auto-exploring this place.
 F = Levels seen in this place.
 G = Mean time per level.
                   A        B        C        D        E       F      G
               +--------+--------+--------+--------+--------+-----+--------+
         Total |   1787 |   1720 |     67 |      0 |   1337 |   3 |  595.7 |
       Dungeon |   1787 |   1720 |     67 |      0 |   1337 |   3 |  595.7 |
               +--------+--------+--------+--------+--------+-----+--------+

Top non-repeatable levels by time:
     D:2: 921 daAuts
     D:1: 612 daAuts
     D:3: 253 daAuts
